 Dungeon Crawl Stone Soup version 0.32-a0-290-g598725c5f2 (webtiles) character file.

Game seed: 2072678886921983656

151 Dittersdorf the Covered (level 5, -1/33 HPs)
             Began as a Gargoyle Fighter on Feb 13, 2024.
             Slain by a gnoll
             ... wielding a +0 spear
              (5 damage)
             ... on level 3 of the Dungeon.
             The game lasted 00:02:05 (1904 turns).

Dittersdorf the Covered (Gargoyle Fighter)          Turns: 1904, Time: 00:02:06

Health: -1/33      AC: 18    Str: 21    XL:     5   Next: 33%
Magic:  5/5        EV:  8    Int:  9    God:
Gold:   145        SH:  4    Dex:  9    Spells: 4/4 levels left

rFire   . . .        a - +0 flail
rCold   . . .        c - +0 buckler
rNeg    + . .        e - +0 chain mail
rPois   ∞            (no helmet)
rElec   +            (no cloak)
rCorr   .            r - +2 pair of gloves
SInv    .            l - +1 pair of boots
Will    .....        (no amulet) Stlth
                     (no ring)
HPRegen 0.25/turn    (no ring)
MPRegen 0.09/turn

%: no passive effects
@: no status effects
A: sickness immunity, AC +4, negative energy resistance 1, electricity
resistance, torment resistance 1, petrification resistance
a: no special abilities


You were on level 3 of the Dungeon.
You visited 1 branch of the dungeon, and saw 3 of its levels.

You collected 145 gold pieces.

Inventory:

Hand Weapons
 a - a +0 flail (weapon)
Missiles
 n - a throwing net (quivered)
Armour
 c - a +0 buckler (worn)
 e - a +0 chain mail (worn)
 i - a +0 plate armour
 l - a +1 pair of boots (worn)
 r - a +2 pair of gloves (worn)
Scrolls
 b - 2 scrolls of identify {unknown}
 f - a scroll of fog {unknown}
 h - a scroll of teleportation {unknown}
 j - a scroll of poison {unknown}
 k - a scroll of torment {unknown}
 o - 3 scrolls of fear {unknown}
 q - 3 scrolls of noise {unknown}
Potions
 d - a potion of might
 g - a potion of resistance {unknown}
 m - 2 potions of haste {unknown}
 p - a potion of brilliance {unknown}
 s - 2 potions of lignification {unknown}


   Skills:
 + Level 4.2 Fighting
 + Level 3.1 Maces & Flails
 + Level 4.3 Armour
 + Level 4.2 Shields


You had 4 spell levels left.
You didn't know any spells.
Your spell library contained the following spells:

 Spells                   Type           Power      Damage    Failure   Level
 Scorch                   Fire           0%         2d5       99%         2
 Summon Ice Beast         Ice/Summ       0%         N/A       100%        3
 Flame Wave               Conj/Fire      0%         2d4       100%        4
 Summon Mana Viper        Hex/Summ       0%         N/A       100%        5
 Summon Cactus Giant      Summ           0%         N/A       100%        6
 Monstrous Menagerie      Summ           0%         N/A       100%        7


Dungeon Overview and Level Annotations

Branches:
Dungeon (3/15)

Altars:

Annotations:
D:1 2 runed translucent doors


Innate Abilities, Weirdness & Mutations

You are immune to sickness and miasma.
Your stone body is resilient. (AC +4)
You are immune to poison.
You resist negative energy. (rN+)
You are resistant to electric shocks. (rElec)
You are resistant to unholy torment.
You are immune to petrification.


Message History

You are too injured to fight recklessly!
You are too injured to fight recklessly!
You are too injured to fight recklessly!
You are too injured to fight recklessly!
You are too injured to fight recklessly!
You are too injured to fight recklessly!
You are too injured to fight recklessly!
You are too injured to fight recklessly!
You are too injured to fight recklessly!
You are too injured to fight recklessly!
You are too injured to fight recklessly!
You are too injured to fight recklessly!
You are too injured to fight recklessly!
You are too injured to fight recklessly!
The gnoll attacks as it pursues you! The gnoll hits you but does no damage.
The gnoll attacks as it pursues you!
The gnoll hits you from afar with a +0 halberd!
* * * LOW HITPOINT WARNING * * *
The gnoll attacks as it pursues you! The gnoll closely misses you.
The gnoll attacks as it pursues you! The gnoll barely misses you.
The gnoll attacks as it pursues you! The gnoll hits you but does no damage.
The gnoll attacks as it pursues you! The gnoll hits you but does no damage.
The gnoll attacks as it pursues you! The gnoll hits you but does no damage.
The gnoll attacks as it pursues you! The gnoll barely misses you.
The gnoll attacks as it pursues you! The gnoll closely misses you.
The gnoll attacks as it pursues you! The gnoll hits you but does no damage.
The gnoll attacks as it pursues you!
The gnoll hits you from afar with a +0 spear.
* * * LOW HITPOINT WARNING * * *
The gnoll attacks as it pursues you! You block the gnoll's attack.
The gnoll attacks as it pursues you! The gnoll hits you but does no damage.
The gnoll attacks as it pursues you! The gnoll barely misses you.
There is an open door here.
The gnoll attacks as it pursues you!
The gnoll hits you from afar with a +0 spear.
* * * LOW HITPOINT WARNING * * *
You thump the gnoll!
You kill the gnoll!
The gnoll hits you from afar with a +0 spear.
You die...

.######### .........# .#######.#
.# #.# .#######.#####.#
...>.....†.)...# ######
...........##### ####..[.#
>..........##############........
...........'.gg)@................
...........#########.............
...........# #......[.....†
...........# #.............
...######### #............. ...#
#............. ...#
#............. ...###
######........ .....# #........


You could see 2 gnolls.

Vanquished Creatures
  6 gnolls (D:3)
  3 adders
  A ribbon worm (D:3)
  4 bats
  3 endoplasms
  5 giant cockroaches
  2 goblins (D:3)
  A hobgoblin (D:1)
  2 jackals (D:1)
  2 quokkas
  3 ball pythons
  2 frilled lizards (D:3)
  7 kobolds
  4 rats (D:1)
45 creatures vanquished.

Notes
Turn   | Place    | Note
-------+----------+-------------------------------------------
     0 | D:1      | Dittersdorf the Gargoyle Fighter began the quest for the
                  | Orb.
     0 | D:1      | Reached XP level 1. HP: 14/14 MP: 1/1
    49 | D:1      | Found a large runed translucent door.
    49 | D:1      | Found a large runed translucent door.
    54 | D:1      | Reached XP level 2. HP: 11/19 MP: 2/2
   348 | D:1      | Reached XP level 3. HP: 23/23 MP: 3/3
  1356 | D:2      | Reached XP level 4. HP: 25/29 MP: 4/4
  1635 | D:3      | Reached XP level 5. HP: 32/33 MP: 5/5
  1904 | D:3      | Slain by a gnoll

Illustrated notes

Levels and vault maps discovered:
D:1:      erik_arrival_cave_to_civilisation [erik_arrival_cave_to_temple],
          layout_basic
D:2:      layout_loops_cross, serial_glass, glass_columns_b, glass_columns_c,
          due_unseen_surprise
D:3:      layout_basic

Skill      XL: |  1  2  3  4 |
---------------+-------------+-----
Armour         | 4 |  4.3
Fighting       | 4 |  4.2
Shields        | 4 |  4.2
Maces & Flails | 3 |  3.1

Action                     |  1- 3 |  4- 6 || total
---------------------------+-------+-------++-------
  Melee: Flail             |    75 |    70 ||   145
 Armour: Scale mail        |    29 |       ||    29
         Chain mail        |    32 |    85 ||   117
  Dodge: Dodged            |    29 |    40 ||    69
  Block: Buckler           |    17 |    20 ||    37

Table legend: (Time is in decaauts)
 A = Elapsed time spent in this place.
 B = Non-inter-level travel time spent in this place.
 C = Inter-level travel time spent in this place.
 D = Time resting spent in this place.
 E = Time spent auto-exploring this place.
 F = Levels seen in this place.
 G = Mean time per level.
                   A        B        C        D        E       F      G
               +--------+--------+--------+--------+--------+-----+--------+
         Total |   1946 |   1846 |    100 |     84 |   1344 |   3 |  648.7 |
       Dungeon |   1946 |   1846 |    100 |     84 |   1344 |   3 |  648.7 |
               +--------+--------+--------+--------+--------+-----+--------+

Top non-repeatable levels by time:
     D:1: 897 daAuts
     D:2: 631 daAuts
     D:3: 416 daAuts
